 Dungeon Crawl Stone Soup version 0.30-a0-939-gc8157cb160 (webtiles) character file.

Game seed: 5912670123635084988

68 Iniera the Slasher (level 3, -6/27 (29) HPs)
             Began as a Demigod Warper on Mar 25, 2023.
             Mangled by Crazy Yiuf
             ... wielding a +2 quarterstaff of chaos
              (16 damage)
             ... on level 2 of the Dungeon.
             The game lasted 00:02:18 (1675 turns).

Iniera the Slasher (Demigod Warper)                 Turns: 1675, Time: 00:02:19

HP:   -6/27 (29)    AC:  4    Str: 12    XL:     3   Next: 73%
MP:   8/8           EV: 12    Int: 15    God:
Gold: 132           SH:  5    Dex: 17    Spells: 5/5 levels left

rFire   . . .      SeeInvis .    a - +1 falchion
rCold   . . .      Faith    .    (no shield)
rNeg    . . .      Spirit   .    b - +1 leather armour
rPois   .          Reflect  +    (no helmet)
rElec   .          Rampage  .    (no cloak)
rCorr   .                        (no gloves)
Will    .....                    (no boots)
Stlth   +                        m - amulet of reflection
HPRegen 0.24/turn                (no ring)
MPRegen 0.11/turn                (no ring)

@: drained
A: high MP 1, forlorn, divine attributes
a: no special abilities


You were on level 2 of the Dungeon.
You visited 1 branch of the dungeon, and saw 2 of its levels.

You collected 132 gold pieces.

Inventory:

Hand Weapons
 a - a +1 falchion (weapon)
Missiles
 d - 7 boomerangs of dispersal (quivered)
Armour
 b - a +1 leather armour (worn)
Jewellery
 m - an amulet of reflection (around neck)
Scrolls
 c - 2 scrolls of blinking
 f - 2 scrolls of teleportation
 g - a scroll of enchant weapon
 i - 3 scrolls of immolation
Potions
 e - 2 potions of flight {unknown}
 j - a potion of resistance {unknown}
 k - a potion of mutation {unknown}
 l - 2 potions of degeneration {unknown}
 n - a potion of brilliance {unknown}
 o - a potion of berserk rage {unknown}
 p - a potion of heal wounds {unknown}
 q - a potion of cancellation {unknown}


   Skills:
 + Level 2.0 Fighting
 * Level 3.8 Long Blades
 - Level 0.8 Throwing
 - Level 0.8 Armour
 - Level 1.7 Dodging
 - Level 1.7 Spellcasting
 - Level 2.6 Translocations


You had 5 spell levels left.
You didn't know any spells.
Your spell library contained the following spells:

 Spells                   Type           Power      Damage    Failure   Level
 Blink                    Tloc           18%        N/A       14%         2
 Lesser Beckoning         Tloc           18%        N/A       14%         2
 Teleport Other           Tloc           9%         N/A       28%         3
 Vhi's Electric Charge    Tloc/Air       10%        N/A       45%         3
 Manifold Assault         Tloc           9%         N/A       67%         4


Dungeon Overview and Level Annotations

Branches:
Dungeon (2/15)

Shops:
D:1 [

Annotations:
D:2 Crazy Yiuf


Innate Abilities, Weirdness & Mutations

You have an increased reservoir of magic. (+10% MP)
You shall have no god before yourself.
Your divine heritage dramatically boosts your attributes as you level up.


Message History

You kill the endoplasm!
No target in view!
No target in view!
No target in view!
No target in view!
There is a stone staircase leading up here.
A quokka comes into view.
Found a robe.
A quokka is nearby!
You barely miss the quokka. The quokka misses you. The quokka bites you.
You hit the quokka but do no damage. The quokka bites you.
You hit the quokka.
The quokka is almost dead.
The quokka bites you but does no damage.
You slash the quokka!
You kill the quokka!
No target in view!
No target in view!
Found a hammer.
Found two hammers.
Found a runed translucent door.
You see here a +0 hammer.
No target in view!
No target in view!
Crazy Yiuf shouts!
You see here a +0 hammer.
Found a hammer.
You open the door. You hit Crazy Yiuf but do no damage.
Crazy Yiuf closely misses you.
You hit Crazy Yiuf.
Crazy Yiuf is moderately wounded.
Crazy Yiuf closely misses you.
You hit Crazy Yiuf.
Crazy Yiuf is heavily wounded.
Crazy Yiuf hits you with a +2 quarterstaff of chaos!
You feel drained.
Crazy Yiuf cries, "Mama song down!"
Crazy Yiuf hits you with a +2 quarterstaff of chaos!
Space warps horribly around you!
Ouch! That really hurt!
You die...

♣♣♣♣♣###
########## ###
♣♣♣)♣.P..##
.........#
#..)#♣).♣......##
.......###
#...g@♣♣♣♣.P....#
#.####.# #)).#♣♣
♣♣.....# #†# #.#
### ♣♣##.[# #.#
#.# #.###### #.#
#.# #......##
#.####.#
#########...
#......# #..#
##### ..####.#
#..# #.... #.#
#.############
#..# #.###


You could see Crazy Yiuf.

Vanquished Creatures
  2 adders (D:2)
  A dart slug (D:1)
  A worm (D:2)
  4 bats
  3 endoplasms
  A giant cockroach (D:1)
  2 goblins
  2 hobgoblins (D:1)
  9 jackals
  2 quokkas
  3 ball pythons
  6 frilled lizards
  7 kobolds
  2 rats
45 creatures vanquished.

Vanquished Creatures (others)
  3 fungi (D:2)
3 creatures vanquished.

Grand Total: 48 creatures vanquished

Notes
Turn   | Place    | Note
-------+----------+-------------------------------------------
     0 | D:1      | Iniera the Demigod Warper began the quest for the Orb.
     0 | D:1      | Reached XP level 1. HP: 17/17 MP: 5/5
    92 | D:1      | Reached skill level 2 in Long Blades
   203 | D:1      | Reached XP level 2. HP: 22/24 MP: 7/7
   502 | D:1      | Reached skill level 3 in Long Blades
   763 | D:1      | Found Hoceen's Antique Armour Emporium.
   840 | D:2      | Reached XP level 3. HP: 22/29 MP: 8/8
  1668 | D:2      | Found a runed translucent door.
  1669 | D:2      | Noticed Crazy Yiuf
  1675 | D:2      | Mangled by Crazy Yiuf

Illustrated notes

Levels and vault maps discovered:
D:1:      mrwooster_arrival_statue_3, layout_basic, serial_shops, shop
D:2:      layout_loops_ring, minmay_misc_feat_tiny, hangedman_decor_growths,
          serial_bayou_pond_d, uniq_crazy_yiuf_cottage

Skill      XL: |  1  2  3 |
---------------+----------+-----
Long Blades    | 2 3 |  3.8
Fighting       | 2 |  2.0
Throwing       | |  0.8
Armour         | |  0.8
Dodging        | |  1.7
Spellcasting   | |  1.7
Translocations | |  2.6

Action                     || total
---------------------------++-------
  Melee: Falchion          ||   170
         Punch             ||     2
    Use: Scroll            ||     4
   Stab: Sleeping          ||     1
 Armour: Leather armour    ||    34
  Dodge: Dodged            ||   106
  Block: Other             ||    22

Table legend: (Time is in decaauts)
 A = Elapsed time spent in this place.
 B = Non-inter-level travel time spent in this place.
 C = Inter-level travel time spent in this place.
 D = Time resting spent in this place.
 E = Time spent auto-exploring this place.
 F = Levels seen in this place.
 G = Mean time per level.
                   A        B        C        D        E       F      G
               +--------+--------+--------+--------+--------+-----+--------+
         Total |   1700 |   1678 |     22 |     37 |   1276 |   2 |  850.0 |
       Dungeon |   1700 |   1678 |     22 |     37 |   1276 |   2 |  850.0 |
               +--------+--------+--------+--------+--------+-----+--------+

Top non-repeatable levels by time:
     D:2: 878 daAuts
     D:1: 821 daAuts
